Map: 2000 Atmospheres LE

Players

Cham - Winner!

  • Race: Zerg Zerg

JimRising

  • Race: Zerg Zerg

Event: DreamHack SC2 Masters 2021 Fall

VOD

Have the link to the VOD?

Description

Time

  • Played on: July 29, 2021, 5 p.m.
  • Length: 7:18

All games in this series

Show
View Real Time Build Order
Export as new Build Order

Cham Zerg - Winner!

Build Orders: Hatch First, Roach Nydus 

Get SALT Encoding   

  12  0:00  Drone  
  13  0:08  Drone  
  14  0:17  Overlord  
  14  0:36  Drone x2  
  16  0:47  Hatchery  
  15  0:50  Drone  
  15  0:55  Drone  
  17  0:59  Drone  
  18  1:11  Spawning Pool  
  18  1:14  Extractor  
  18  1:16  Drone  
  17  1:19  Drone  
  18  1:30  Drone  
  19  1:40  Drone  
  20  1:51  Drone  
  21  1:59  Queen x2  
  21  2:00  Zergling x2  
  26  2:01  Overlord  
  26  2:12  Drone  
  26  2:13  Drone  
  28  2:21  Drone  
  29  2:24  Drone  
  30  2:34  Hatchery  
  29  2:41  Queen  
  31  2:47  Overlord  
  31  2:49  Drone x3  
  34  2:54  Overlord  
  34  3:00  Drone  
  34  3:01  Evolution Chamber  
  34  3:06  Overlord  
  34  3:10  Drone x3  
  37  3:13  Drone  
  37  3:16  Drone  
  37  3:18  Drone  
  40  3:22  Drone x2  
  40  3:24  Drone  
  43  3:28  Zerg Missile Weapons Level 1  
  43  3:34  Roach Warren  
  43  3:37  Drone  
  43  3:42  Lair  
  43  3:45  Drone  
  44  3:49  Extractor x2  
  44  3:52  Drone  
  44  3:53  Drone x3  
  44  3:54  Drone  
  44  3:55  Drone  
  48  4:06  Evolution Chamber, Overlord  
  48  4:09  Drone  
  48  4:16  Roach x2  
  52  4:18  Roach  
  52  4:24  Extractor, Roach x2  
  56  4:28  Roach  
  58  4:32  Overlord  
  58  4:34  Roach x2  
  58  4:36  Drone  
  58  4:37  Drone  
  58  4:38  Drone  
  63  4:41  Roach  
  65  4:45  Overlord  
  65  4:50  Nydus Network, Roach  
  65  4:51  Overlord  
  66  4:59  Overlord  
  66  5:00  Roach  
  66  5:01  Roach  
  66  5:06  Overlord  
  72  5:07  Roach  
  72  5:08  Roach  
  72  5:13  Overlord  
  74  5:15  Roach  
  74  5:26  Nydus Canal  
  74  5:31  Glial Reconstitution  
  74  5:32  Roach  
  74  5:33  Roach x3  
  74  5:35  Roach  
  84  5:36  Roach  
  84  5:38  Roach  
  88  5:45  Nydus Canal  
  88  5:46  Roach x2  
  84  5:51  Roach  
  84  5:54  Roach  
  82  6:01  Nydus Canal  
  82  6:02  Queen  
  84  6:07  Roach  
  86  6:12  Roach x2  
  86  6:18  Queen, Roach  
  92  6:22  Roach  
  94  6:31  Roach  
  94  6:37  Roach  
  94  6:38  Queen  
  94  6:39  Roach  
  98  6:40  Spore Crawler  
  97  6:49  Spore Crawler  
Show
View Real Time Build Order
Export as new Build Order

JimRising Zerg 

Build Orders: Hatch First 

Get SALT Encoding   

  12  0:00  Drone  
  13  0:12  Overlord  
  13  0:18  Drone  
  14  0:31  Drone x2  
  16  0:49  Hatchery  
  15  0:53  Drone  
  16  1:07  Spawning Pool  
  16  1:09  Drone  
  16  1:13  Drone  
  16  1:16  Drone  
  18  1:20  Extractor  
  17  1:26  Drone  
  18  1:38  Overlord  
  18  1:43  Drone  
  19  1:54  Queen  
  19  2:01  Queen  
  21  2:04  Drone x3  
  26  2:12  Drone  
  27  2:16  Drone  
  28  2:24  Zergling x2  
  28  2:25  Metabolic Boost  
  29  2:30  Queen, Drone  
  29  2:35  Overlord  
  32  2:40  Overlord  
  32  2:49  Drone x2  
  34  2:57  Drone  
  34  2:58  Drone  
  36  3:12  Evolution Chamber  
  35  3:15  Roach Warren  
  35  3:18  Zergling x14  
  41  3:23  Evolution Chamber  
  41  3:26  Zergling x2  
  41  3:30  Zergling x2  
  42  3:38  Lair  
  42  3:45  Zergling x4  
  44  3:50  Zerg Missile Weapons Level 1  
  44  3:56  Zergling x10  
  44  3:57  Zergling x2  
  44  4:01  Extractor  
  44  4:02  Extractor, Zergling x2  
  49  4:09  Zergling x2  
  50  4:11  Zergling x2  
  51  4:18  Drone  
  51  4:22  Overlord  
  50  4:31  Drone x2  
  48  4:40  Drone x6  
  54  4:46  Spire  
  53  4:55  Extractor, Drone  
  53  4:56  Overlord  
  53  4:57  Drone x3  
  53  4:59  Drone  
  57  5:04  Overlord  
  57  5:10  Overlord  
  57  5:15  Overlord  
  56  5:26  Drone x6  
  62  5:48  Roach x2  
  62  5:49  Roach x4  
  69  5:53  Roach  
  69  5:57  Mutalisk  
  69  6:01  Roach  
  69  6:02  Roach  
  77  6:04  Roach  
  79  6:11  Roach  
  79  6:14  Roach  
  81  6:21  Mutalisk  
  81  6:22  Mutalisk x3  
  81  6:25  Mutalisk  
  89  6:33  Mutalisk  
  89  6:34  Zergling x4  
  92  6:41  Overlord  
  92  6:42  Overlord  
  91  6:50  Zergling x8  

Tags
 
Add a new tag
Caveats
  • Supply blocks, unpowered buildings, or Contaminate may cause inaccurate times.
  • Supply counts are checked every 10 seconds.